 Dungeon Crawl Stone Soup version 0.29.1-1-gd02db69 (webtiles) character file.

Game seed: 6144885416897846324

1793 Timinator the Insei (level 8, -1/66 HPs)
             Began as a Demigod Transmuter on Dec 19, 2022.
             Killed from afar by a steam dragon (20 damage)
             ... with a ball of steam
             ... on level 5 of the Dungeon.
             The game lasted 00:20:57 (6433 turns).

Timinator the Insei (Demigod Transmuter)            Turns: 6433, Time: 00:20:57

Health: -1/66      AC:  6    Str: 15    XL:     8   Next: 53%
Magic:  17/17      EV: 14    Int: 15    God:
Gold:   358        SH:  0    Dex: 18    Spells: 11/14 levels left

rFire   . . .      SeeInvis .     - Unarmed
rCold   . . .      Faith    .   (no shield)
rNeg    . . .      Spirit   .   h - +3 leather armour
rPois   .          Reflect  .   (helmet currently unavailable)
rElec   .          Harm     .   (no cloak)
rCorr   .          Rampage  .   (no gloves)
Will    .....                   (boots currently unavailable)
Stlth   +.........              (no amulet)
HPRegen 0.21/turn               (no ring)
MPRegen 0.15/turn               (no ring)

@: appendages
A: horns 2, talons 2, high MP 1, forlorn, divine attributes
a: End Transformation


You were on level 5 of the Dungeon.
You had temporarily grown beastly horns and talons.
You visited 1 branch of the dungeon, and saw 5 of its levels.

You collected 358 gold pieces.

Inventory:

Missiles
 c - 5 atropa-tipped darts
 f - 4 javelins (quivered)
Armour
 h - a +3 leather armour (worn)
 n - a +0 ring mail
Wands
 a - a wand of digging (5)
 s - a wand of charming (12)
Scrolls
 b - a scroll of fear {unknown}
 d - a scroll of noise {unknown}
 i - 3 scrolls of vulnerability {unknown}
 j - a scroll of immolation {unknown}
 l - 4 scrolls of poison {unknown}
 m - a scroll of blinking {unknown}
 o - 3 scrolls of teleportation {unknown}
 p - a scroll of enchant weapon {unknown}
Potions
 e - 2 potions of curing
 g - 2 potions of might
 k - 2 potions of degeneration
 q - a potion of mutation
 r - a potion of cancellation {unknown}


   Skills:
 * Level 3.9 Fighting
 - Level 2.0 Armour
 * Level 4.7 Dodging
 + Level 6.0 Unarmed Combat
 + Level 3.7 Spellcasting
 * Level 5.3 Transmutations


You had 11 spell levels left.
You knew the following spells:

 Your Spells              Type           Power      Damage    Failure   Level
a - Beastly Appendage     Tmut           36%        N/A       2%          1
b - Wereblood             Tmut           18%        N/A       3%          2

Your spell library contained the following spells:

 Spells                   Type           Power      Damage    Failure   Level
 Spider Form              Tmut/Pois      10%        N/A       22%         3
 Sublimation of Blood     Necr           2%         N/A       34%         2
 Ice Form                 Ice/Tmut       10%        N/A       58%         4
 Summon Hydra             Summ           1%         N/A       100%        7


Dungeon Overview and Level Annotations

Branches:
Dungeon (5/15)             Temple (0/1) D:5

Shops:
D:1 (


Innate Abilities, Weirdness & Mutations

You have temporarily grown beastly horns and talons.
You have an increased reservoir of magic. (+10% MP)
You shall have no god before yourself.
Your divine heritage dramatically boosts your attributes as you level up.


Message History

The steam dragon is heavily wounded.
You are engulfed in a cloud of scalding steam.
The steam dragon closely misses you. The steam dragon misses you.
You hit the steam dragon but do no damage.
You claw the steam dragon.
The steam dragon is heavily wounded.
You are engulfed in a cloud of scalding steam.
The steam dragon barely misses you. The steam dragon misses you.
You closely miss the steam dragon. Your kick misses the steam dragon.
You headbutt the steam dragon, but do no damage.
You punch the steam dragon.
The steam dragon is severely wounded.
You are engulfed in a cloud of scalding steam.
The steam dragon bites you but does no damage.
The steam dragon barely misses you.
You completely miss the steam dragon.
You headbutt the steam dragon, but do no damage.
The steam dragon is severely wounded.
The steam dragon breathes steam at you. The ball of steam misses you.
The steam dragon closely misses you.
The steam dragon claws you but does no damage.
You barely miss the steam dragon. Your kick misses the steam dragon.
Your headbutt misses the steam dragon.
The steam dragon is severely wounded.
The steam dragon bites you.
The steam dragon claws you but does no damage.
You hit the steam dragon. Your kick misses the steam dragon.
The steam dragon is almost dead.
The steam dragon bites you! The steam dragon closely misses you.
You closely miss the steam dragon.
The steam dragon is almost dead.
The steam dragon misses you. The steam dragon claws you.
* * * LOW HITPOINT WARNING * * *
You hit the steam dragon but do no damage.
Your headbutt misses the steam dragon.
The steam dragon is almost dead.
The steam dragon breathes steam at you. The ball of steam hits you!!
You die...

#...#
#.....#...........
##.##
#####.#...........
#.# #.#######'####
#.# #..........##.
#.# #.####...####.
#.###### #.# ##.##
## #......#
#.#####.# #
#D####.......# #
#ยง@..........# #
###########.#######
#........ #########


You could see a steam dragon (catching breath).

Vanquished Creatures
  Grinder (D:3)
  A water moccasin (D:5)
  2 black bears
  A centaur (D:5)
  4 kobold brigands (D:4)
  A gnoll sergeant (D:3)
  2 scorpions (D:5)
  2 necrophages (D:5)
  2 hounds (D:4)
  4 iguanas (D:5)
  Robin (D:4)
  19 gnolls
  15 adders
  2 ufetubi
  The ghost of robotsrng the Covert, a weakling GnDe (D:5)
  5 dart slugs
  3 worms
  4 orcs (D:3)
  6 endoplasms
  6 giant cockroaches
  11 goblins
  13 hobgoblins
  8 jackals
  39 kobolds
  5 quokkas
  8 ball pythons
  5 bats
  A frilled lizard (D:3)
  7 rats
179 creatures vanquished.

Vanquished Creatures (others)
  A wizard (D:3)
1 creature vanquished.

Grand Total: 180 creatures vanquished

Notes
Turn   | Place    | Note
-------+----------+-------------------------------------------
     0 | D:1      | Timinator the Demigod Transmuter began the quest for the
                  | Orb.
     0 | D:1      | Reached XP level 1. HP: 15/15 MP: 5/5
    95 | D:1      | Reached skill level 1 in Fighting
   243 | D:1      | Reached XP level 2. HP: 22/23 MP: 5/7
   477 | D:1      | Reached skill level 3 in Unarmed Combat
   826 | D:1      | Found Uriunor's Antique Weapon Boutique.
  1001 | D:2      | Reached XP level 3. HP: 18/28 MP: 6/8
  1674 | D:2      | Reached skill level 1 in Armour
  2224 | D:3      | Learned a level 2 spell: Wereblood
  2231 | D:3      | Reached XP level 4. HP: 20/35 MP: 7/9
  2354 | D:3      | Noticed Grinder
  2364 | D:3      | Killed Grinder
  2365 | D:3      | Reached XP level 5. HP: 36/41 MP: 8/11
  2451 | D:3      | Noticed a black bear
  2466 | D:3      | Killed a black bear
  2467 | D:3      | Reached skill level 4 in Unarmed Combat
  2467 | D:3      | Reached XP level 6. HP: 12/48 MP: 9/12
  3315 | D:3      | Noticed a wizard
  3320 | D:3      | Killed a wizard
  3656 | D:4      | Noticed Robin
  3681 | D:4      | Killed Robin
  3787 | D:4      | Reached XP level 7. HP: 56/56 MP: 10/14
  4240 | D:4      | Reached skill level 5 in Unarmed Combat
  4598 | D:4      | Reached XP level 8. HP: 57/63 MP: 16/16
  5215 | D:5      | Entered Level 5 of the Dungeon
  5225 | D:5      | Found a staircase to the Ecumenical Temple.
  5890 | D:5      | Reached skill level 5 in Transmutations
  6120 | D:5      | Found a runed translucent gate.
  6120 | D:5      | Found a runed translucent gate.
  6122 | D:5      | Found a runed translucent gate.
  6124 | D:5      | Noticed robotsrng's ghost (weakling GnDe)
  6143 | D:5      | Killed robotsrng's ghost
  6363 | D:5      | Reached skill level 6 in Unarmed Combat
  6433 | D:5      | Killed from afar by a steam dragon

Illustrated notes

Levels and vault maps discovered:
D:1:      dpeg_arrival_houses_and_road, layout_basic,
          hellmonk_ecumenical_altar_slurped_away, serial_shops, shop,
          amcnicky_mini_rare_corridor_liquid
D:2:      layout_loops_ring
D:3:      layout_basic, mainiacjoe_overflow_six_doors_small, trog_wizard,
          minitemple, lightli_sewer_entry_pipes, uniq_grinder
D:4:      minmay_goblin_kobold_castle, layout_rooms, old_standard_altar,
          minmay_crossroads, uniq_robin
D:5:      layout_loops_ring, minmay_temple_entry_tees,
          ebering_ghost_rock_garden, kennysheep_nondescript,
          kennysheep_generic_room_2

Skill      XL: |  1  2  3  4  5  6  7  8 |
---------------+-------------------------+-----
Fighting       | 1 2 3 |  3.9
Unarmed Combat | 3 4 5 6 |  6.0
Transmutations | 2 3 4 5 |  5.3
Dodging        | 2 3 4 |  4.7
Spellcasting   | 2 3 |  3.7
Armour         | 1 2 |  2.0

Action                   |  1- 3 |  4- 6 |  7- 9 || total
-------------------------+-------+-------+-------++-------
Melee: Unarmed           |   120 |   159 |   281 ||   560
       Kick              |    22 |    35 |    81 ||   138
       Headbutt          |    13 |    21 |    41 ||    75
       Punch             |     2 |     4 |     9 ||    15
 Cast: Beastly Appendage |    17 |    23 |    34 ||    74
       Wereblood         |       |     4 |    10 ||    14
  Use: Potion            |       |     3 |     2 ||     5
       Scroll            |       |     4 |       ||     4
Armor: Robe              |     8 |       |       ||     8
       Leather armour    |    37 |    25 |    73 ||   135
       Skin              |       |     4 |       ||     4
       Ring mail         |       |    17 |       ||    17
Dodge: Dodged            |    79 |   152 |   213 ||   444
